Selects Airborne Battlegroup
Construct Weapon Support Center
Improved M9 Bazooka Rockets
Mechanized Support Center
Selects Paratrooper Squad Paradrop
Paratrooper Squad Paradrop
Paratrooper Squad Paradrop
Construct Medical Station
Paratrooper Squad Paradrop
M18 Hellcat Tank Destroyer
Designate Forward Repair Station
M18 Hellcat Tank Destroyer
Selects Anti-tank Gun Team Paradrop
Anti-tank Gun Team Paradrop
Selects Carpet Bombing Run
M18 Hellcat Tank Destroyer